 Dungeon Crawl Stone Soup version 0.26.0-16-gc1dbca0489 (webtiles) character file.

Game seed: 4841440388616091675

1456 hatsuma the Fighter (level 8, -1/83 HPs)
             Began as a Palentonga Fighter on Jan 18, 2021.
             Was a Believer of Ashenzari.
             Succumbed to a water moccasin's poison
             ... on level 5 of the Dungeon.
             The game lasted 00:34:41 (4145 turns).

hatsuma the Fighter (Palentonga Fighter)            Turns: 4145, Time: 00:34:41

Health: -1/83      AC:  8    Str: 19    XL:     8   Next: 47%
Magic:  8/8        EV:  6    Int: 12    God:    Ashenzari [**....]
Gold:   247        SH:  9    Dex:  9    Spells: 7/7 levels left

rFire    . . .     SeeInvis +   a - +0 long sword
rCold    . . .     Faith    .   c - +0 kite shield (curse)
rNeg     + . .     Spirit   .   p - +0 ring mail
rPois    .         Reflect  .   (no helmet)
rElec    .         Harm     .   C - +0 cloak
rCorr    .         Rampage  .   r - +0 pair of gloves
Will     .....                  (no barding)
Stlth    ..........             k - amulet of regeneration (curse)
HPRegen  0.63/turn              o - ring of positive energy
MPRegen  0.11/turn              (no ring)

@: lethally poisoned (-1 -> -22)
A: large, rugged brown scales 3, see invisible, deformed body, roll 1, armoured
tail, reflexive curl
a: Rolling Charge, Renounce Religion, Curse Item, Scrying


You were on level 5 of the Dungeon.
You worshipped Ashenzari.
Ashenzari was pleased with you.
You visited 1 branch of the dungeon, and saw 5 of its levels.
You also visited: Sewer.

You collected 247 gold pieces.

Inventory:

Hand Weapons
 a - a +0 long sword (weapon)
 y - a +2 whip of electrocution
 A - a +0 spectral quarterstaff
 D - a +2 flail of holy wrath
Armour
 c - a cursed +0 kite shield (worn)
 g - a scarf of resistance
 h - a +0 plate armour
 m - a +0 scale mail
 p - a +0 ring mail (worn)
 r - a +0 pair of gloves (worn)
 C - a +0 cloak (worn)
Jewellery
 k - a cursed amulet of regeneration (around neck)
 o - a ring of positive energy (left hand)
Scrolls
 b - 2 scrolls of fear
 e - 3 scrolls of teleportation
 j - a scroll of magic mapping
 n - a scroll of immolation {unknown}
 s - 2 scrolls of enchant armour {unknown}
 u - 2 scrolls of enchant weapon {unknown}
 z - 2 scrolls of remove curse
 B - a scroll of random uselessness {unknown}
Potions
 d - 2 potions of might
 f - 4 potions of flight
 i - a potion of berserk rage {unknown}
 l - 2 potions of mutation
 q - a potion of haste {unknown}
 t - 3 potions of brilliance {unknown}
 v - 7 potions of heal wounds
 w - 6 potions of curing {unknown}
 x - 2 potions of attraction {unknown}


   Skills:
 + Level 9.1 Fighting
 - Level 6.4 Long Blades
 - Level 2.4 Armour
 - Level 2.4(3.6) Shields


You had 7 spell levels left.
You didn't know any spells.
Your spell library was empty.

Dungeon Overview and Level Annotations

Branches:
Dungeon (5/15)             Temple (0/1) D:5           Sewer (visited)

Altars:
Ashenzari
Nemelex Xobeh
Ru
Trog

Annotations:
D:2 1 runed translucent door, Crazy Yiuf


Innate Abilities, Weirdness & Mutations

You are completely covered in rugged brown scales. (AC +3, +7% HP)
You have supernaturally acute eyesight. (SInv)
Armour fits poorly on your strangely shaped body.
You can roll at nearby foes to attack.
You have a long armoured tail.
You curl defensively after being hit.


Message History

* * * LOW HITPOINT WARNING * * *
You block the water moccasin's attack. The ufetubus hits you.
* * * LOW HITPOINT WARNING * * *
You block the ufetubus's attack. The water moccasin barely misses you.
You slash the water moccasin!
You kill the water moccasin!
* * * LOW HITPOINT WARNING * * *
You feel very sick. The ufetubus completely misses you.
You riposte.
You miss the ufetubus. The ufetubus closely misses you.
You block the ufetubus's attack.
The ufetubus hits you but does no damage.
Your Fighting skill increases to level 9!
You barely miss the ufetubus.
* * * LOW HITPOINT WARNING * * *
You feel very sick. The ufetubus hits you.
* * * LOW HITPOINT WARNING * * *
You block the ufetubus's attack.
You completely miss the ufetubus.
You die...

##.###.............#
##..#.)........>..##
#...##.^..........#
....#....####.....#
##.##.....#.......##
.####...#..........#
.......##.........##
........#......5.###
..............#†@..#
............###.(..##
#.##......... ##....#
..##..#.....## #...##
.....##............#
..#.#. .............
....)....# ........##
##...####


You could see an ufetubus.

Vanquished Creatures
  Edmund (D:5)
  Menkaure (D:5)
  A water moccasin (D:5)
  A sky beast (D:5)
  A phantom (D:4)
  2 ogres (D:4)
  2 big kobolds (Sewer)
  2 scorpions (D:4)
  A howler monkey (D:4)
  2 hounds
  An orc wizard (D:5)
  An orc priest (D:5)
  Terence (D:2)
  Natasha (thrice) (D:3)
  An iguana (D:4)
  2 worker ants (D:4)
  A hound skeleton (D:4)
  A worker ant zombie (D:5)
  6 river rats
  5 adders
  2 oozes (Sewer)
  4 leopard geckos
  2 orcs (D:4)
  4 giant cockroaches
  8 goblins
  3 hobgoblins
  3 jackals (D:3)
  19 kobolds
  5 ball pythons
  3 bats
  5 frilled lizards
  A quokka skeleton (D:5)
  29 rats
124 creatures vanquished.

Vanquished Creatures (others)
  A fungus (D:2)
1 creature vanquished.

Grand Total: 125 creatures vanquished

Notes
Turn   | Place    | Note
-------+----------+-------------------------------------------
     0 | D:1      | hatsuma the Palentonga Fighter began the quest for the Orb.
     0 | D:1      | Reached XP level 1. HP: 20/20 MP: 1/1
   250 | D:1      | Found a broken altar of Ashenzari.
   296 | D:1      | Became a worshipper of Ashenzari the Shackled
   304 | D:1      | Reached XP level 2. HP: 27/27 MP: 2/2
   832 | D:2      | Noticed Terence
   845 | D:2      | Killed Terence
   846 | D:2      | Reached XP level 3. HP: 31/33 MP: 3/3
  1077 | D:2      | Found a runed translucent door.
  1078 | D:2      | Noticed Crazy Yiuf
  1242 | D:2      | Reached XP level 4. HP: 38/40 MP: 4/4
  1476 | D:3      | Noticed Natasha
  1482 | D:3      | Killed Natasha
  1774 | D:3      | Found a sacrificial altar of Ru.
  2114 | D:3      | Noticed Natasha
  2127 | D:3      | Killed Natasha
  2128 | D:3      | Reached skill level 5 in Long Blades
  2203 | D:3      | Noticed Natasha
  2207 | D:3      | Killed Natasha
  2208 | D:3      | Reached XP level 5. HP: 44/48 MP: 5/5
  2280 | D:4      | Noticed an ogre
  2300 | D:4      | Killed an ogre
  2301 | D:4      | Reached skill level 4 in Fighting
  2301 | D:4      | Reached XP level 6. HP: 24/56 MP: 6/6
  2378 | D:4      | Found a glowing drain.
  2384 | Sewer    | Entered a sewer
  2411 | Sewer    | Reached skill level 5 in Fighting
  2618 | Sewer    | Reached skill level 6 in Fighting
  2654 | Sewer    | Reached * piety under Ashenzari
  2771 | Sewer    | Gained mutation: You curl defensively after being hit.
                  | [Palentonga growth]
  2771 | Sewer    | Reached XP level 7. HP: 53/68 MP: 7/7
  3120 | D:4      | Found a sparkling altar of Nemelex Xobeh.
  3201 | D:4      | Reached skill level 7 in Fighting
  3238 | D:4      | Got the uncursed leather armour of an ossuary {*Corrode
                  | Str+4 Int+6}
  3486 | D:5      | Entered Level 5 of the Dungeon
  3486 | D:5      | Found a bloodstained altar of Trog.
  3486 | D:5      | Noticed Menkaure
  3495 | D:5      | Killed Menkaure
  3573 | D:4      | Reached XP level 8. HP: 67/78 MP: 8/8
  3661 | D:5      | Found a staircase to the Ecumenical Temple.
  3937 | D:5      | Found a bloodstained altar of Trog.
  4009 | D:5      | Noticed Edmund
  4010 | D:5      | Reached skill level 8 in Fighting
  4015 | D:5      | Killed Edmund
  4059 | D:5      | Reached ** piety under Ashenzari
  4144 | D:5      | Reached skill level 9 in Fighting
  4144 | D:5      | HP: 3/83 [poisoned by a water moccasin]
  4145 | D:5      | Succumbed to a water moccasin's poison

Illustrated notes

Levels and vault maps discovered:
D:1:      lemuel_arrival_rhombus, layout_rooms, evilmike_ruin_ashenzari
D:2:      layout_rooms, uniq_crazy_yiuf_cottage, uniq_terence
D:3:      layout_loops_corners, nicolae_ru_sacrificial_ziggurat, uniq_natasha
D:4:      layout_basic, nemelex_altar_shiori, gup_sewer_entry_bubbles,
          amcnicky_mini_pool_small
D:5:      layout_cave_pools, kennysheep_mini, temple_hall, serial_column_ruins,
          column_ruins_hut, column_ruins_hut, column_ruins_grid_1,
          column_ruins_columns_dead_end, column_ruins_open_small,
          column_ruins_grid_1, column_ruins_open_tiny, bloody_trog,
          uniq_menkaure, uniq_ijyb, uniq_edmund

Skill      XL: |  1  2  3  4  5  6  7  8 |
---------------+-------------------------+-----
Long Blades    | 3 4 5 6 |  6.4
Fighting       | 4 6 7 9 |  9.1
Armour         | |  2.4
Shields        | |  2.4

Action                   |  1- 3 |  4- 6 |  7- 9 || total
-------------------------+-------+-------+-------++-------
Melee: Long sword        |   115 |   188 |   126 ||   429
       Tailslap          |    13 |    21 |    15 ||    49
Invok: Curse Item        |       |     1 |     1 ||     2
 Abil: Rolling Charge    |       |    12 |    14 ||    26
  Use: Scroll            |     2 |     2 |     2 ||     6
       Potion            |       |       |     1 ||     1
Armor: Scale mail        |    11 |       |       ||    11
       Plate armour      |    38 |       |       ||    38
       Ring mail         |    15 |    95 |    69 ||   179
Dodge: Dodged            |    18 |    66 |    39 ||   123
Block: Kite shield       |    60 |    90 |    58 ||   208
       Rpst.: Long sword |     5 |    30 |     7 ||    42
